AoeStats
← hugo94

Oasis

507802983Analyzed
2v2 RM · 11d ago on Sep 19, 2026· 40m 25s· 4 players
Game mode
Random Map
Map size
Medium (4 player)
Population
200
Speed
Normal
Resources
Standard
Victory
Conquest
Starting age
Dark Age
Ending age
Imperial Age
RankedLock teamsTeams togetherTeam positionsShared explorationLock speedFull tech treeHidden civsTurbo modeCheats
Victory
Defeat
🇳🇱 Franks · Netherlands
755
+17
🇳🇱 Bohemians · Netherlands
755
+17
🇪🇸 Britons · Spain
821
-20
🇪🇸 Bohemians · Spain
713
-14
hugo94
11:48 Feudal Age
16:25 Castle Age
14:55 Double-Bit Axe
15:59 Gold Mining
16:00 Stone Mining
18:27 Bow Saw
18:58 Wheelbarrow
18:09 Loom
20:32 Hand Cart
23:25 Gold Shaft Mining
29:43 Scale Barding Armor
29:48 Forging
29:40 Husbandry
33:05 Imperial Age
30:40 Town Watch
32:32 Iron Casting
32:18 Chain Barding Armor
32:23 Scale Mail Armor
33:15 #83
33:44 Town Patrol
33:11 Cavalier
35:01 Plate Barding Armor
35:26 Blast Furnace
35:15 Fletching
36:35 Plate Barding Armor
37:01 Blast Furnace
36:22 Caravan
36:38 Bodkin Arrow
39:17 Elite Throwing Axeman
40:00 Paladin
jannusodb
12:51 Feudal Age
11:06 Loom
18:15 Castle Age
17:00 Double-Bit Axe
16:57 Horse Collar
18:18 Wheelbarrow
20:47 Heavy Plow
20:59 Bow Saw
22:37 Hand Cart
34:56 Imperial Age
34:15 Forging
34:30 Caravan
35:03 Wagenburg Tactics
36:04 Conscription
36:16 Murder Holes
36:27 Siege Engineers
37:24 Chemistry
36:45 Ballistics
37:46 Iron Casting
37:12 Scale Mail Armor
36:34 Pikeman
37:15 Squires
37:01 Arson
37:56 Elite Hussite Wagon
39:27 Houfnice
Grimor91
10:26 Feudal Age
11:05 Double-Bit Axe
19:47 Castle Age
17:43 Horse Collar
19:10 Forging
19:02 Scale Mail Armor
19:09 Padded Archer Armor
20:22 Pikeman
22:34 Bow Saw
24:12 Squires
25:57 Iron Casting
25:39 Chain Mail Armor
29:01 Arson
29:40 Heavy Plow
33:28 Imperial Age
33:52 Chemistry
33:17 Ballistics
33:38 Elite Skirmisher
35:35 Two-Man Saw
35:06 Halberdier
35:56 Elite Hussite Wagon
40:59 Wagenburg Tactics
jurjur.mobile
7:36 Loom
10:37 Feudal Age
13:21 Double-Bit Axe
16:08 Horse Collar
17:58 Gold Mining
21:28 Castle Age
20:49 Fletching
20:59 Padded Archer Armor
22:29 Wheelbarrow
22:37 Bow Saw
23:06 Gold Shaft Mining
22:12 Crossbowman
26:14 Ballistics
28:03 Yeomen
28:17 Bodkin Arrow
28:38 Leather Archer Armor
30:23 Masonry
30:35 Murder Holes
31:18 Caravan
36:32 Imperial Age
34:19 Hand Cart
35:44 Town Watch
36:48 Arbalester
40:04 Guilds
40:59 Chemistry
Connection lost

Rejoining the realm…

Still unreachable

The connection could not be restored.

Session expired

The server has moved on; the page needs a fresh start.